AoeStats
← EagleChiri

Arabia

510538442Analyzed
1v1 RM · 2d ago on Oct 1, 2026· 22m 12s· 2 players
Game mode
Random Map
Map size
Tiny (2 player)
Population
200
Speed
Normal
Resources
Standard
Victory
Conquest
Starting age
Dark Age
Ending age
Imperial Age
RankedLock teamsTeams togetherTeam positionsShared explorationLock speedFull tech treeHidden civsTurbo modeCheats
Victory
Defeat
🇹🇼 Danes · Taiwan
1095
+18
🇪🇸 Khmer · Spain
1134
-18
qaz1227
9:45 Feudal Age
9:31 Loom
9:49 Man-at-Arms
10:46 Arson
11:02 Double-Bit Axe
13:40 Forging
14:51 Scale Mail Armor
20:20 Horse Collar
EagleChiri
7:33 Loom
10:26 Feudal Age
15:07 Castle Age
Connection lost

Rejoining the realm…

Still unreachable

The connection could not be restored.

Session expired

The server has moved on; the page needs a fresh start.